AoeStats
← Urg5665

Arabia

509930455Analyzed
1v1 RM · 4d ago on Sep 28, 2026· 30m 43s· 2 players
Game mode
Random Map
Map size
Tiny (2 player)
Population
200
Speed
Normal
Resources
Standard
Victory
Conquest
Starting age
Dark Age
Ending age
Imperial Age
RankedLock teamsTeams togetherTeam positionsShared explorationLock speedFull tech treeHidden civsTurbo modeCheats
Victory
Defeat
🇺🇸 Ethiopians · United States
1277
+22
🇹🇼 Franks · Taiwan
1272
-16
雫畑躾
6:51 Loom
8:49 Feudal Age
9:43 Double-Bit Axe
22:22 Castle Age
21:26 Fletching
22:51 Elite Skirmisher
26:42 Light Cavalry
29:30 Scale Barding Armor
Urg5665
5:14 Loom
8:34 Feudal Age
8:36 Man-at-Arms
9:06 Double-Bit Axe
13:05 Fletching
21:26 Castle Age
20:08 Horse Collar
21:49 Gold Mining
22:17 Bow Saw
22:07 Bodkin Arrow
22:34 Heavy Plow
23:08 Crossbowman
27:46 Padded Archer Armor
31:48 Wheelbarrow
Connection lost

Rejoining the realm…

Still unreachable

The connection could not be restored.

Session expired

The server has moved on; the page needs a fresh start.